 Dungeon Crawl Stone Soup version 0.23-a0-636-g0ff6057 (webtiles) character file.

63 Leeroy the Slasher (level 3, 0/43 HPs)
             Began as a Draconian Skald on Dec 28, 2018.
             Slain by an adder (4 damage)
             ... on level 2 of the Dungeon.
             The game lasted 00:03:56 (1230 turns).

Leeroy the Slasher (Draconian Skald)                Turns: 1230, Time: 00:03:57

Health: 0/43       AC:  5    Str: 18    XL:     3   Next: 89%
Magic:  3/6        EV: 12    Int: 14    God:
Gold:   60         SH:  0    Dex: 10    Spells: 2/6 levels left

rFire    . . .     SeeInvis .   a - +0 falchion
rCold    . . .     Gourm    .   (no shield)
rNeg     . . .     Faith    .   (armour unavailable)
rPois    .         Spirit   .   (helmet restricted)
rElec    .         Reflect  .   (no cloak)
rCorr    .         Harm     .   (no gloves)
MR       .....                  (no boots)
Stlth    ..........             (no amulet)
HPRegen  0.14/turn              (no ring)
MPRegen  0.10/turn              (no ring)

@: berserking, lethally poisoned (0 -> -4), very quick
A: unfitting armour, cold-blooded, AC +5
a: no special abilities


You were on level 2 of the Dungeon.
You were not hungry.

You visited 1 branch of the dungeon, and saw 2 of its levels.

You collected 60 gold pieces.

Inventory:

Hand Weapons
 a - a +0 falchion (weapon)
 f - a +0 dagger
 j - a +0 spear
Missiles
 b - 108 stones (quivered)
 h - 3 throwing nets
 k - 18 arrows
 n - 3 javelins of penetration
Armour
 p - a +0 shield
Jewellery
 d - a cursed ring of attention {unknown}
 o - an uncursed amulet of faith {unknown}
Scrolls
 e - 2 scrolls of enchant armour
 l - 2 scrolls of remove curse
 q - a scroll of fog {unknown}
 r - a scroll of teleportation {unknown}
 t - a scroll of identify {unknown}
Potions
 g - a potion of degeneration {unknown}
 i - a potion of berserk rage
 s - a potion of might {unknown}
Comestibles
 c - 4 rations
 m - 2 chunks of flesh


   Skills:
 - Level 2.1 Fighting
 + Level 4.2 Long Blades
 - Level 2.1 Dodging
 - Level 2.0 Spellcasting
 - Level 2.6 Charms


You had 2 spell levels left.
You knew the following spells:

 Your Spells              Type           Power        Failure   Level  Hunger
a - Infusion              Chrm           #...         8%          1    ##.....
b - Spectral Weapon       Hex/Chrm       #.......     38%         3    ####...

Your spell library contained the following spells:

 Spells                   Type           Power        Failure   Level  Hunger
 Song of Slaying          Chrm           #.......     12%         2    ###....
 Shroud of Golubria       Chrm/Tloc      #.........   21%         2    ###....
 Regeneration             Chrm/Necr      #.........   38%         3    ####...


Dungeon Overview and Level Annotations

Branches:
Dungeon (2/15)

Altars:
Zin


Innate Abilities, Weirdness & Mutations

Your plain brown scales are hard. (AC +5)
You cannot fit into any form of body armour.
You are cold-blooded and may be slowed by cold attacks.


Message History

You hit the gnoll.
The gnoll is almost dead.
The gnoll hits you but does no damage.
It was a potion of berserk rage.
A red film seems to cover your vision as you go berserk!
You feel yourself moving faster!
You feel mighty!
You feel a strong urge to attack something.
The adder bites you but does no damage. The gnoll hits you with a +0 whip.
* * * LOW HITPOINT WARNING * * *
You slash the gnoll!
The gnoll is heavily wounded.
The gnoll hits you but does no damage. The adder bites you.
* * * LOW HITPOINT WARNING * * *
You are lethally poisoned!
The adder poisons you!
You barely miss the gnoll.
The gnoll is almost dead.
* * * LOW HITPOINT WARNING * * *
You feel sick. The gnoll hits you but does no damage. The adder bites you.
You die...

...>.................#.###....[..
#...#..#.....###....#...........#
##.###.#.###.###...###.###.####.#
#.# #...# #....)...#.....<......
#.# #.#.###.###.#...#####.######
#.# #S#.....# #.###.# #.######
#.. .........##.###.# #.......
### ..........Sg....# ########
.....####@###.# ... #.g...# .
#######


You could see 2 gnolls and an adder.

Vanquished Creatures
  A gnoll (D:2)
  An adder (D:2)
  A worm (D:2)
  2 leopard geckos
  A ball python (D:1)
  A bat (D:1)
  2 giant cockroaches (D:1)
  4 goblins
  8 hobgoblins
  5 jackals (D:1)
  3 kobolds (D:1)
  4 frilled lizards (D:1)
  2 rats (D:1)
35 creatures vanquished.

Vanquished Creatures (others)
  A spectral weapon (D:2)
1 creature vanquished.

Grand Total: 36 creatures vanquished

Notes
Turn   | Place    | Note
-------+----------+-------------------------------------------
     0 | D:1      | Leeroy the Draconian Skald began the quest for the Orb.
     0 | D:1      | Reached XP level 1. HP: 17/17 MP: 3/3
   160 | D:1      | Reached XP level 2. HP: 24/24 MP: 5/5
   207 | D:1      | Reached skill level 3 in Long Blades
   491 | D:1      | Reached XP level 3. HP: 29/29 MP: 6/6
   496 | D:1      | Learned a level 3 spell: Spectral Weapon
   964 | D:2      | Reached skill level 4 in Long Blades
  1096 | D:2      | Found a glowing silver altar of Zin.
  1230 | D:2      | Slain by an adder

Vault maps used:
D:1:      dpeg_arrival_water_temple_mockup
D:2:      zin_treasury, minmay_misc_feat_tower

Skill      XL: |  1  2  3 |
---------------+----------+-----
Long Blades    | 3 4 |  4.2
Fighting       | |  2.1
Dodging        | |  2.1
Spellcasting   | |  2.0
Charms         | |  2.6

Action                   || total
-------------------------++-------
Melee: Falchion          ||   103
       Tailslap          ||    10
 Cast: Spectral Weapon   ||     2
  Use: Scroll            ||     2
       Potion            ||     1
  Eat: Chunk             ||     1
Armor: Skin              ||    52
Dodge: Dodged            ||    91
       Rpst.: Falchion   ||    29

Table legend:
 A = Non-vault XP
 B = Vault XP
 C = Vault XP percentage of total XP
 D = Non-vault monster count
 E = Vault monster count
 F = Vault count percentage of total count
                 A         B        C        D         E       F
            +---------+---------+-------+---------+---------+-------
      Total |      91 |       0 |   0.0 |      35 |       0 |   0.0
            +---------+---------+-------+---------+---------+-------
        D:1 |      48 |       0 |   0.0 |      27 |       0 |   0.0
        D:2 |      43 |       0 |   0.0 |       8 |       0 |   0.0
            +---------+---------+-------+---------+---------+-------
